 Dungeon Crawl Stone Soup version 0.30-a0-782-ge64f9170bb (webtiles) character file.

Game seed: 16397163162437535506

18949 Flugkiller the Frost Mage (level 12, -4/112 HPs)
             Began as a Deep Elf Chaos Knight on Mar 2, 2023.
             Was a Plaything of Xom.
             Slain by a demonic crawler (10 damage)
             ... on level 2 of the Lair of Beasts.
             The game lasted 00:30:01 (13206 turns).

Flugkiller the Frost Mage (Deep Elf Chaos Knight)  Turns: 13206, Time: 00:30:01

Health: -4/112     AC:  8    Str:  7 (9)  XL:     12   Next: 32%
Magic:  21/23      EV: 16    Int:  9 (15) God:    Xom [.*....]
Gold:   1701       SH:  4    Dex:  5 (16) Spells: 16/23 levels left

rFire   x . .      SeeInvis .    y - +1 rapier (venom)
rCold   + . .      Faith    .    H - +0 buckler
rNeg    . . .      Spirit   .    M - +0 troll leather armour
rPois   .          Reflect  .    J - +0 helmet
rElec   .          Harm     .    f - +2 cloak {Will+}
rCorr   .          Rampage  .    (no gloves)
Will    ++...                    (no boots) Stlth
                                 O - amulet of regeneration
HPRegen 1.98/turn                v - +5 ring of evasion
MPRegen 0.18/turn                G - ring of ice

@: berserking, freezing walls, very quick
A: clumsy 1, deterioration 2, dopey 2, screaming 1
a: Renounce Religion


You were on level 2 of the Lair of Beasts.
You worshipped Xom.
You were a plaything of Xom.
You visited 2 branches of the dungeon, and saw 13 of its levels.
You also visited: Volcano.

You collected 1797 gold pieces.
You spent 96 gold pieces at shops.

Inventory:

Hand Weapons
 b - a +1 scimitar of flaming
   (You took it off a red draconian in a volcano)
 g - a +3 falchion
   (You took it off a wight on level 7 of the Dungeon)
 u - a +1 long sword of protection
   (You found it on level 1 of the Lair of Beasts)
 x - a +0 scimitar
   (You found it on level 8 of the Dungeon)
 y - a +1 rapier of venom (weapon)
   (You found it on level 4 of the Dungeon)
 Z - a +4 rapier
   (You found it on level 6 of the Dungeon)
Missiles
 L - 3 curare-tipped darts
 S - a throwing net
Armour
 f - a +2 cloak of willpower (worn)
   (You took it off Crazy Yiuf on level 2 of the Dungeon)
 r - a +2 ring mail of fire resistance
   (You took it off an orc on level 8 of the Dungeon)
 H - a +0 buckler (worn)
   (You found it on level 6 of the Dungeon)
 J - a +0 helmet (worn)
   (You found it on level 8 of the Dungeon)
 M - a +0 troll leather armour (worn)
   (You found it on level 8 of the Dungeon)
Magical Staves
 l - a staff of conjuration
   (You found it on level 1 of the Dungeon)
Jewellery
 m - a ring of willpower
   (You found it on level 10 of the Dungeon)
 s - a ring of fire
   (You found it on level 3 of the Dungeon)
 v - a +5 ring of evasion (left hand)
   (You found it on level 7 of the Dungeon)
 A - a +6 ring of strength
   (You found it on level 5 of the Dungeon)
 G - a ring of ice (right hand)
   (You found it on level 6 of the Dungeon)
 O - an amulet of regeneration (around neck)
   (You found it on level 9 of the Dungeon)
 Y - a +6 ring of dexterity
   (You found it on level 11 of the Dungeon)
Wands
 o - a wand of digging (13)
   (You found it on level 7 of the Dungeon)
 B - a wand of quicksilver (1)
   (You found it on level 7 of the Dungeon)
 D - a wand of paralysis (5)
   (You found it on level 3 of the Dungeon)
 P - a wand of flame (7)
   (You found it on level 9 of the Dungeon)
 X - a wand of iceblast (4)
   (You found it on level 11 of the Dungeon)
Scrolls
 i - 2 scrolls of immolation
 j - 4 scrolls of butterflies
 k - a scroll of magic mapping
 p - a scroll of vulnerability
 t - 3 scrolls of teleportation
 z - a scroll of blinking
 Q - a scroll of fear
 W - a scroll of poison
Potions
 a - 4 potions of invisibility
 d - a potion of might
 e - a potion of ambrosia
 h - 4 potions of haste
 n - 3 potions of flight
 q - 8 potions of curing
 w - a potion of heal wounds
 E - 3 potions of lignification
 K - a potion of attraction {unknown}
 T - 5 potions of mutation
Miscellaneous
 c - a piece from Xom's chessboard (13/15) (quivered)
 R - a condenser vane (inert)
   (You found it on level 9 of the Dungeon)


   Skills:
 + Level 8.9 Fighting
 - Level 8.0 Short Blades
 - Level 0.7 Armour
 - Level 8.0 Dodging
 - Level 2.0 Stealth
 - Level 4.0 Shields
 - Level 6.0 Spellcasting
 - Level 6.0 Conjurations
 - Level 4.0 Necromancy
 - Level 10.0 Ice Magic
 - Level 8.0 Evocations


You had 16 spell levels left.
You knew the following spells:

 Your Spells              Type           Power      Damage    Failure   Level
a - Necrotise             Necr           36%        1d5       9%          1
b - Frozen Ramparts       Ice            62%        1d10      1%          3
c - Hailstorm             Conj/Ice       25%        3d7       4%          3

Your spell library contained the following spells:

 Spells                   Type           Power      Damage    Failure   Level
 Freeze                   Ice            100%       1d10      1%          1
 Static Discharge         Conj/Air       16%        2-3/arc   19%         2
 Vampiric Draining        Necr           9%         2d6       24%         3
 Beastly Appendage        Tmut           4%         N/A       38%         1
 Wereblood                Tmut           2%         N/A       54%         2
 Gell's Gravitas          Tloc           2%         N/A       77%         3
 Ignite Poison            Fire/Tmut/Pois 2%         N/A       77%         3
 Spider Form              Tmut/Pois      2%         N/A       77%         3
 Teleport Other           Tloc           2%         N/A       77%         3
 Vhi's Electric Charge    Tloc/Air       4%         N/A       77%         3
 Sticky Flame             Conj/Fire      8%         2d3       77%         4
 Agony                    Necr           9%         N/A       92%         5
 Arcjolt                  Conj/Air       4%         1d14      98%         5
 Lightning Bolt           Conj/Air       4%         1d15      98%         5
 Dispersal                Tloc           1%         N/A       100%        6
 Ignition                 Fire           1%         3d3       100%        8


Dungeon Overview and Level Annotations

Branches:
Dungeon (11/15) Zot: 25779  Temple (0/1) D:6            Lair (2/5) D:8 Zot: 10943
 Spider (0/4) Lair:2      Volcano (visited)
  Swamp: Lair:2-3    Shoals: Lair:2-3       Orc: D:9-12

Altars:
Fedhas
Hepliaklqana
Makhleb
Nemelex Xobeh
Qazlal
Sif Muna
Xom
Yredelemnul
The Shining One

Shops:
D:10 *

Annotations:
D:5 exclusion: ice beast
D:11 1 runed translucent door


Innate Abilities, Weirdness & Mutations

You are clumsy. (Dex -2)
Your body often deteriorates upon taking damage.
You are very dopey. (Int -4)
You occasionally shout uncontrollably at your foes.


Message History

You kill the giant cockroach!
No target in view!
A giant cockroach, a demonic crawler, a scorpion and a worm come into view.
The demonic crawler gives a hideous shriek!
You hear a howl!
Things that are here:
a giant cockroach corpse; a scorpion corpse A wolf comes into view.
A scorpion comes into view.
The wolf moves out of view.
A wolf comes into view.
The demonic crawler hits you! x2
Your body deteriorates!
You feel clumsy. The demonic crawler hits you!
Casting: Frozen Ramparts (safe; 1% risk of failure)
Confirm with . or Enter, or press ? or * to list all spells.
You feel a surge of power!
The walls around you are covered in ice.
The wall freezes the giant cockroach.
You kill the giant cockroach!
The wall freezes the demonic crawler but does no damage.
You block the demonic crawler's attack. The demonic crawler hits you!
The demonic crawler hits you.
The wall freezes the scorpion but does no damage.
The wall freezes the scorpion.
Unknown command.
Okay, then.
You feel much better.
The wall freezes the demonic crawler.
The demonic crawler misses you. The demonic crawler hits you.
The demonic crawler closely misses you.
A wolf comes into view.
A wolf comes into view.
The wall freezes the scorpion.
A red film seems to cover your vision as you go berserk!
You feel yourself moving faster!
You feel mighty!
The wolf howls!
The wall freezes the demonic crawler but does no damage.
The demonic crawler barely misses you. The demonic crawler hits you!
The demonic crawler completely misses you.
The wall freezes the scorpion but does no damage.
The wall freezes the scorpion.
The wall freezes the demonic crawler but does no damage.
The demonic crawler hits you but does no damage.
The demonic crawler hits you! x2; The wall freezes the wolf.
You barely miss the demonic crawler.
The wolf howls!
The wall freezes the scorpion.
The wall freezes the demonic crawler but does no damage.
The demonic crawler closely misses you.
The demonic crawler completely misses you.
The demonic crawler hits you!
* * * LOW HITPOINT WARNING * * *
Your body deteriorates!
You feel clumsy.
You hit the demonic crawler.
The demonic crawler is lightly wounded.
You hit the demonic crawler.
The demonic crawler is lightly wounded.
The wall freezes the scorpion. x2; The wall freezes the demonic crawler.
You block the demonic crawler's attack. The demonic crawler hits you.
* * * LOW HITPOINT WARNING * * *
The demonic crawler closely misses you.
You hit the demonic crawler.
The demonic crawler is lightly wounded.
The wall freezes the wolf. x2
The wall freezes the scorpion but does no damage.
The wall freezes the demonic crawler but does no damage.
The demonic crawler barely misses you. You block the demonic crawler's attack.
The demonic crawler hits you.
* * * LOW HITPOINT WARNING * * *
You hit the demonic crawler.
The demonic crawler is lightly wounded.
You hit the demonic crawler.
The demonic crawler is lightly wounded.
The wall freezes the wolf.
The wall freezes the demonic crawler but does no damage.
The demonic crawler hits you!
* * * LOW HITPOINT WARNING * * *
The demonic crawler barely misses you.
The demonic crawler completely misses you.
The wall freezes the scorpion but does no damage.
You hit the demonic crawler.
The demonic crawler is lightly wounded.
The wall freezes the wolf. x2; The wolf closely misses you.
The wall freezes the demonic crawler.
The demonic crawler hits you but does no damage.
The demonic crawler barely misses you. The demonic crawler hits you!
* * * LOW HITPOINT WARNING * * *
The wall freezes the scorpion.
The wall freezes the wolf.
The wall freezes the worm!
Unknown command.
You barely miss the wolf.
The wolf is moderately wounded.
The wall freezes the wolf but does no damage.
The wolf bites you.
* * * LOW HITPOINT WARNING * * *
The wall freezes the wolf.
The wall freezes the demonic crawler but does no damage.
The demonic crawler misses you. The demonic crawler hits you!
You die...
Xom chuckles heartily!

.. ............. ...
.##........... ....
............. #...#
....#...... #
#...##..........###P
#..#. ......#....#.....
.##?.h##h...#....P.....
....>ss@.†..#..<.P.....
.#..hh##.........#.....
#... ##..............
#.## #...........#PPP .
#....).........
.....P###P####...
.....### ### .... ....^
... ####.


You could see a demonic crawler, 4 wolves and a scorpion.

Vanquished Creatures
  A red draconian (Volcano)
  A boulder beetle (D:11)
  2 two-headed ogres
  Amaemon (D:9)
  A salamander mystic (Lair:1)
  Lodul (D:10)
  2 salamanders (Volcano)
  An ugly thing (D:11)
  2 black mambas (Lair:1)
  An orange demon (D:9)
  A rime drake (Lair:1)
  2 komodo dragons (Lair:1)
  2 trolls
  2 hornets
  A blink frog (D:7)
  2 wraiths
  A shadow (D:10)
  A wyvern (Lair:1)
  29 yaks
  4 fire bats (Volcano)
  2 steam dragons
  2 vampire mosquitoes (D:10)
  2 acid dragons
  2 water moccasins (D:7)
  A sky beast (D:7)
  5 orc warriors
  2 ice beasts
  2 black bears
  4 wolves (Lair:1)
  11 ogres
  A centaur (D:10)
  A phantom (D:6)
  3 kobold brigands
  2 gnoll sergeants
  2 bullfrogs (Lair:1)
  A necrophage (D:7)
  4 scorpions
  4 wights
  5 killer bees (D:11)
  4 howler monkeys
  7 lava snakes (Volcano)
  A quasit (D:7)
  5 orc priests
  2 hounds
  A gnoll bouda (D:7)
  A jelly (D:7)
  Crazy Yiuf (D:2)
  3 iguanas
  5 orc wizards
  6 gnolls
  6 adders
  A white imp (D:7)
  A dart slug (D:4)
  38 orcs
  4 bats
  6 endoplasms
  5 giant cockroaches
  11 goblins
  6 hobgoblins
  4 quokkas
  6 ball pythons
  4 frilled lizards
  20 kobolds
  4 rats
266 creatures vanquished.

Vanquished Creatures (collateral kills)
  2 yaks (D:7)
  An orc wizard (D:9)
  An orc (D:7)
4 creatures vanquished.

Vanquished Creatures (others)
  3 fungi
  A plant (Lair:1)
4 creatures vanquished.

Grand Total: 274 creatures vanquished

Notes
Turn   | Place    | Note
-------+----------+-------------------------------------------
     0 | D:1      | Flugkiller the Deep Elf Chaos Knight began the quest for
                  | the Orb.
     0 | D:1      | Reached XP level 1. HP: 13/13 MP: 3/3
    35 | D:1      | Reached skill level 1 in Stealth
   104 | D:1      | Reached XP level 2. HP: 16/18 MP: 4/4
   470 | D:1      | XOM: silly message
   546 | D:1      | XOM: silly message
   783 | D:2      | XOM: potion effect (heal wounds)
   828 | D:2      | Noticed a scorpion
   836 | D:2      | Killed a scorpion
   837 | D:2      | Reached XP level 3. HP: 24/24 MP: 5/5
   837 | D:2      | Reached XP level 4. HP: 29/29 MP: 6/6
   974 | D:2      | Found a runed translucent door.
   974 | D:2      | XOM: 4-stop teleportation journey
   975 | D:2      | Noticed Crazy Yiuf
  1055 | D:2      | Found a faded altar of an unknown god.
  1065 | D:2      | Got Plato's Cyclopedia of Shadows
  1236 | D:2      | XOM: cloud trail
  1446 | D:3      | Found a stormy altar of Qazlal.
  1533 | D:3      | XOM: divination: detect items
  1553 | D:3      | Reached XP level 5. HP: 29/33 MP: 7/7
  1762 | D:3      | XOM: silly message
  1827 | D:3      | XOM: divination: detect items
  1964 | D:2      | XOM: silly message
  2232 | D:3      | Found a shimmering blue altar of Sif Muna.
  2351 | D:3      | Identified the +5 mace of Lid Pogi {heavy, rF+}
  2367 | D:3      | Found a hazy altar of Hepliaklqana.
  2501 | D:3      | XOM: silly message
  2539 | D:3      | Reached skill level 1 in Spellcasting
  2624 | D:4      | Reached skill level 1 in Necromancy
  3036 | D:4      | XOM: silly message
  3048 | D:4      | Learned a level 1 spell: Necrotise
  3060 | D:5      | Entered Level 5 of the Dungeon
  3102 | D:5      | Noticed an ice beast
  3157 | D:5      | XOM: silly message
  3220 | D:5      | Reached XP level 6. HP: 38/38 MP: 6/12
  3672 | D:6      | You fall into a shaft and drop 1 floor!
  3690 | D:7      | Noticed a yak
  3690 | D:7      | Noticed a yak
  3690 | D:7      | Noticed a yak
  3690 | D:7      | Noticed a yak
  3690 | D:7      | Noticed a yak
  3690 | D:7      | Noticed a sky beast
  3690 | D:7      | Noticed an orc warrior
  3690 | D:7      | Noticed a steam dragon
  3690 | D:7      | XOM: 5-stop teleportation journey
  3792 | D:7      | XOM: confuse monster(s)
  3800 | D:7      | Reached skill level 1 in Evocations
  3873 | D:6      | XOM: noise
  3882 | D:6      | XOM: smoke on damage
  3921 | D:6      | XOM: silly message
  3926 | D:6      | XOM: potion effect (haste)
  3933 | D:6      | Reached XP level 7. HP: 24/44 MP: 13/13
  4127 | D:6      | Found a burning altar of Makhleb.
  4220 | D:6      | Found a staircase to the Ecumenical Temple.
  4336 | D:6      | Found a sparkling altar of Nemelex Xobeh.
  4370 | D:5      | XOM: stat loss: -1 Str (14/15)
  4417 | D:6      | Noticed a two-headed ogre
  4950 | D:6      | XOM: summons 1 hostile shadow creature
  4994 | D:6      | Found a burning altar of Makhleb.
  5212 | D:6      | Reached skill level 5 in Fighting
  5285 | D:6      | Killed a two-headed ogre
  5286 | D:6      | Reached skill level 5 in Evocations
  5286 | D:6      | Reached skill level 5 in Dodging
  5286 | D:6      | Reached XP level 8. HP: 12/51 MP: 14/14
  5474 | D:6      | XOM: noise
  5638 | D:7      | XOM: give mutations
  5638 | D:7      | Gained mutation: Your body sometimes deteriorates upon
                  | taking damage. [Xom's mischief]
  5638 | D:7      | Gained mutation: You are dopey. (Int -2) [Xom's mischief]
  5646 | D:7      | XOM: polymorph ufetubus -> quasit
  5678 | D:7      | XOM: summons friendly white imp
  5694 | D:7      | XOM: fog
  5767 | D:7      | Reached skill level 5 in Short Blades
  5767 | D:7      | XOM: fake destruction
  5849 | D:7      | an ogre changed into a blink frog
  5849 | D:7      | Noticed a blink frog
  5849 | D:7      | XOM: polymorph ogre -> blink frog
  5868 | D:7      | Killed a blink frog
  5869 | D:7      | Reached XP level 9. HP: 47/55 MP: 11/15
  6052 | D:7      | XOM: blink monster(s)
  6143 | D:7      | XOM: summons friendly ufetubus
  6168 | D:7      | XOM: polymorph ufetubus -> white imp
  6217 | D:7      | XOM: divination: magic mapping
  6350 | D:7      | XOM: scenery: create altars
  6464 | D:7      | Found a basalt altar of Yredelemnul.
  6566 | D:7      | XOM: give mutations
  6566 | D:7      | Gained mutation: You are very dopey. (Int -4) [Xom's
                  | mischief]
  6566 | D:7      | Gained mutation: You occasionally lose the ability to drink
                  | potions when taking damage. [Xom's mischief]
  6566 | D:7      | Lost mutation: You occasionally lose the ability to drink
                  | potions when taking damage. [Xom's mischief]
  6566 | D:7      | Gained mutation: You occasionally shout uncontrollably at
                  | your foes. [Xom's mischief]
  6578 | D:7      | XOM: summons 6 friendly demons
  6744 | D:7      | XOM: scenery: create altars
  6916 | D:7      | XOM: noise
  6963 | D:7      | XOM: noise
  7160 | D:8      | XOM: confuse monster(s)
  7576 | D:8      | Reached XP level 10. HP: 60/60 MP: 16/16
  7755 | D:8      | Found a staircase to the Lair.
  7999 | D:8      | XOM is BORED!
  8017 | D:8      | Learned a level 3 spell: Frozen Ramparts
  8030 | D:9      | Noticed an orange demon
  8036 | D:9      | Noticed a two-headed ogre
  8044 | D:9      | Killed a two-headed ogre
  8045 | D:9      | Reached skill level 2 in Ice Magic
  8159 | D:8      | XOM: god gift: 554 gold pieces
  8234 | D:9      | Reached skill level 3 in Ice Magic
  8295 | D:9      | Killed an orange demon
  8296 | D:9      | Reached skill level 5 in Spellcasting
  8301 | D:9      | XOM: summons friendly crimson imp
  8304 | D:9      | XOM: potion effect (brilliance)
  8306 | D:9      | Noticed Amaemon
  8317 | D:8      | Reached skill level 4 in Ice Magic
  8492 | D:9      | XOM: cast spell 'Leda's Liquefaction'
  8516 | D:9      | Killed Amaemon
  8517 | D:9      | Reached skill level 5 in Ice Magic
  8682 | D:9      | Found a glowing golden altar of the Shining One.
  8694 | D:9      | XOM: fog
  8734 | D:9      | XOM: enchant monster (good)
  8742 | D:9      | Reached skill level 6 in Ice Magic
  8806 | D:9      | XOM: summons 5 friendly demons
  8813 | D:9      | Reached skill level 7 in Ice Magic
  8876 | D:9      | XOM: divination: magic mapping
  8923 | D:9      | Reached skill level 8 in Ice Magic
  8949 | D:8      | Learned a level 3 spell: Hailstorm
  9216 | D:10     | Entered Level 10 of the Dungeon
  9264 | D:10     | Reached skill level 1 in Conjurations
  9316 | D:10     | XOM: noise
  9384 | D:10     | XOM: summons friendly iron imp
  9386 | D:10     | XOM: potion effect (haste)
  9399 | D:10     | Reached XP level 11. HP: 64/64 MP: 10/22
  9487 | D:10     | XOM: god gift: 30 gold pieces
  9570 | D:10     | Found a blossoming altar of Fedhas.
  9695 | D:10     | XOM: confuse monster(s)
  9702 | D:10     | XOM: cast spell 'Olgreb's Toxic Radiance'
  9966 | D:10     | Noticed Lodul
  9980 | D:10     | Killed Lodul
 10300 | D:10     | Found Uxofod's Serpentskin Sales.
 10306 | D:10     | Bought 2 curare-tipped darts for 36 gold pieces
 10447 | D:10     | Bought a scroll of poison for 60 gold pieces
 10707 | D:11     | Reached skill level 9 in Ice Magic
 10934 | D:11     | Noticed a green ugly thing
 10943 | D:11     | Killed a green ugly thing
 10969 | D:11     | Found a runed translucent door.
 10979 | D:11     | XOM: give mutations
 10979 | D:11     | Gained mutation: Your body often deteriorates upon taking
                  | damage. [Xom's mischief]
 10979 | D:11     | Gained mutation: You are clumsy. (Dex -2) [Xom's mischief]
 10995 | D:11     | Noticed a boulder beetle
 11014 | D:11     | Killed a boulder beetle
 11285 | D:11     | Noticed a fire crab
 11328 | D:10     | XOM: cloud trail
 11451 | Lair:1   | Entered Level 1 of the Lair of Beasts
 11460 | Lair:1   | XOM: confuse monster(s)
 11493 | Lair:1   | Reached skill level 5 in Conjurations
 11508 | Lair:1   | XOM: scenery: create altars
 11534 | Lair:1   | XOM: divination: detect items
 11584 | Lair:1   | XOM: divination: magic mapping
 11591 | Lair:1   | XOM: divination: magic mapping
 11595 | Lair:1   | Reached skill level 10 in Ice Magic
 11722 | Lair:1   | XOM: summons friendly ufetubus
 11723 | Lair:1   | XOM: noise
 11725 | Lair:1   | XOM: cast spell 'Summon Ice Beast'
 11750 | Lair:1   | Found a dark tunnel.
 11807 | Volcano  | Entered a volcano
 11845 | Volcano  | XOM: divination: detect items
 11938 | Volcano  | XOM: potion effect (might)
 12053 | Volcano  | Reached XP level 12. HP: 72/72 MP: 23/23
 12087 | Volcano  | XOM: divination: detect creatures
 12151 | Volcano  | XOM: potion effect (haste)
 12153 | Volcano  | Noticed a red draconian
 12155 | Volcano  | XOM: potion effect (might)
 12160 | Volcano  | Killed a red draconian
 12233 | Volcano  | XOM: cleaving
 12445 | D:2      | XOM: divination: magic mapping
 12454 | D:2      | Killed Crazy Yiuf
 12767 | Lair:1   | XOM: smoke on damage
 12779 | Lair:1   | XOM: summons friendly ufetubus
 13047 | Lair:1   | XOM: swap monsters
 13183 | Lair:2   | Found a hole to the Spider Nest.
 13206 | Lair:2   | Slain by a demonic crawler

Illustrated notes

Levels and vault maps discovered:
D:1:      evilmike_arrival_hilbert_curve, layout_rooms, serial_rivers,
          chequers_serial_rivers_micro_d, chequers_serial_rivers_room_a,
          chequers_serial_rivers_room_b, chequers_serial_rivers_small_3,
          chequers_serial_rivers_large_b, nicolae_concentric_dashed_squares_wild
D:2:      cheibrodos_helix_gallery, layout_rooms,
          shapermc_ecumenical_altar_rom_forum, minmay_liquid_box,
          uniq_crazy_yiuf_cottage
D:3:      layout_basic, mainiacjoe_overflow_boulevard, amcnicky_altar_gilded,
          kennysheep_orc_sif_temple, chequers_serial_rivers_small_a,
          nrook_loot_triangle
D:4:      layout_rooms, serial_glass, glass_columns_b, glass_columns_a
D:5:      layout_cave_pools
D:6:      layout_basic, lemuel_round_altar, nemelex_dance_club_becter,
          temple_statues, kennysheep_diamond
D:7:      layout_rooms, minmay_ruined_shrine
D:8:      layout_cave_pods, lair_entry_dummy, hangedman_abyss_or_decor_slice
D:9:      layout_rooms, mainiacjoe_overflow_concentric_impassable,
          serial_rivers, chequers_serial_rivers_small_b,
          chequers_serial_rivers_micro_a, chequers_serial_rivers_small_b,
          chequers_serial_rivers_micro_a, chequers_serial_rivers_micro_d,
          minmay_fractal_squares_diagonal_5, uniq_amaemon
D:10:     layout_roguey, mainiacjoe_overflow_chevrons, guppyfry_shop_venom,
          uniq_lodul
D:11:     gammafunk_mikee_crab_dinner, layout_loops_ring, small_statue_alley_a
Lair:1:   layout_gridlike, enter_volcano_1
Lair:2:   layout_chaotic_city, palyth_hydra_swamp_entry,
          nicolae_spider_entry_non_spiders, gauntlet_entry_generic,
          bh_autumn_forest_stairs, chequers_serial_rivers_room_a,
          minmay_lair_oklob_bushes, minivault_25

Skill      XL: |  1  2  3  4  5  6  7  8  9 10 11 12 |
---------------+-------------------------------------+-----
Stealth        | 2 |  2.0
Fighting       | 3 4 6 7 8 |  8.9
Dodging        | 3 4 5 6 8 |  8.0
Spellcasting   | 2 3 6 |  6.0
Necromancy     | 2 4 |  4.0
Evocations     | 2 5 8 |  8.0
Short Blades   | 6 8 |  8.0
Shields        | 2 4 |  4.0
Ice Magic      | 8 10 | 10.0
Conjurations   | 1 6 |  6.0
Armour         | |  0.7

Action                     |  1- 3 |  4- 6 |  7- 9 | 10-12 || total
---------------------------+-------+-------+-------+-------++-------
  Melee: Short sword       |    18 |       |       |       ||    18
         Dagger            |    30 |   151 |    13 |       ||   194
         Punch             |       |     4 |     3 |       ||     7
         Rapier            |       |    53 |   245 |   413 ||   711
   Cast: Necrotise         |       |    20 |    50 |     7 ||    77
         Frozen Ramparts   |       |       |       |    43 ||    43
         Hailstorm         |       |       |       |    39 ||    39
  Evoke: Piece from Xom's  |     2 |     3 |     2 |    11 ||    18
         Wand              |       |       |     2 |    12 ||    14
         Condenser vane    |       |       |       |     2 ||     2
    Use: Scroll            |     2 |     5 |     5 |     8 ||    20
         Potion            |     2 |       |     3 |     8 ||    13
   Stab: Sleeping          |     2 |     1 |     1 |       ||     4
         Distracted        |       |     1 |     1 |       ||     2
         Petrified         |       |       |     6 |     6 ||    12
         Confused          |       |       |     1 |       ||     1
         Paralysed         |       |       |       |     6 ||     6
 Armour: Leather armour    |    12 |    43 |    30 |     2 ||    87
         Skin              |       |       |       |    38 ||    38
         Troll leather arm |       |       |       |    36 ||    36
         Ring mail         |       |       |       |    22 ||    22
  Dodge: Dodged            |    30 |   119 |   191 |   358 ||   698
  Block: Buckler           |       |       |    21 |   100 ||   121

Table legend: (Time is in decaauts)
 A = Elapsed time spent in this place.
 B = Non-inter-level travel time spent in this place.
 C = Inter-level travel time spent in this place.
 D = Time resting spent in this place.
 E = Time spent auto-exploring this place.
 F = Levels seen in this place.
 G = Mean time per level.
                   A        B        C        D        E       F      G
               +--------+--------+--------+--------+--------+-----+--------+
         Total |  13108 |  11981 |   1127 |   3054 |   5418 |  14 |  936.3 |
       Dungeon |  11646 |  10649 |    997 |   2693 |   5038 |  11 | 1058.7 |
          Lair |   1055 |    926 |    129 |    229 |    277 |   2 |  527.5 |
       Volcano |    406 |    406 |      0 |    132 |    103 |   1 |  406.0 |
               +--------+--------+--------+--------+--------+-----+--------+

Top non-repeatable levels by time:
     D:6: 1722 daAuts
     D:7: 1603 daAuts
     D:8: 1291 daAuts
    D:10: 1250 daAuts
     D:3: 1050 daAuts
  Lair:1: 1033 daAuts
     D:9: 912 daAuts
     D:2: 888 daAuts
    D:11: 846 daAuts
     D:5: 793 daAuts
     D:1: 770 daAuts
     D:4: 518 daAuts
 Volcano: 406 daAuts
  Lair:2: 22 daAuts
